AoeStats
← GaTill3r0

Arabia

507895062Analyzed
3v3 RM · 13d ago on Sep 20, 2026· 51m 21s· 6 players
Game mode
Random Map
Map size
Normal (6 player)
Population
200
Speed
Normal
Resources
Standard
Victory
Conquest
Starting age
Dark Age
Ending age
Imperial Age
RankedLock teamsTeams togetherTeam positionsShared explorationLock speedFull tech treeHidden civsTurbo modeCheats
Victory
Defeat
🇲🇽 Aztecs · Mexico
884
+13
🇲🇽 Maya · Mexico
859
+14
🇲🇽 Inca · Mexico
854
+14
🇨🇳 Lithuanians · China
873
-15
🇵🇪 Khmer · Peru
812
-14
🇦🇷 Persians · Argentina
764
-12
l3141516
0:43 Loom
11:27 Feudal Age
12:07 Town Watch
16:22 Castle Age
14:20 Double-Bit Axe
16:36 Horse Collar
22:06 Arson
23:59 Husbandry
30:56 Pikeman
32:49 Heavy Plow
33:01 Gold Mining
33:02 Stone Mining
35:07 Caravan
36:10 Bow Saw
37:43 Light Cavalry
38:33 Bloodlines
40:36 Wheelbarrow
40:02 Town Patrol
46:02 Imperial Age
44:23 Stone Shaft Mining
WallieMarruecos
0:28 Loom
10:31 Feudal Age
10:54 Double-Bit Axe
11:12 Gold Mining
11:12 Horse Collar
15:49 Wheelbarrow
20:40 Castle Age
21:00 Forging
21:04 Stone Mining
21:53 Man-at-Arms
23:00 Heavy Plow
23:21 Bow Saw
24:50 Town Watch
28:24 Gold Shaft Mining
31:12 Husbandry
31:49 Hand Cart
32:24 Scale Mail Armor
36:35 Long Swordsman
37:47 Parthian Tactics
39:34 Town Patrol
45:47 Imperial Age
45:23 Squires
46:24 Iron Casting
46:04 Chain Mail Armor
45:40 Fletching
46:14 Ballistics
46:08 Masonry
45:42 Heavy Scorpion
46:24 Gambesons
46:29 Cavalier
49:16 Bodkin Arrow
小熊熊
10:42 Feudal Age
12:50 Loom
15:58 Castle Age
15:26 Horse Collar
18:58 Scale Barding Armor
28:31 Crossbowman
29:17 Thumb Ring
29:39 Chain Barding Armor
29:10 Fletching
30:10 Bloodlines
30:01 Husbandry
32:13 Wheelbarrow
32:30 Bodkin Arrow
33:29 Forging
33:49 Hand Cart
38:13 Imperial Age
37:44 Iron Casting
37:33 Thumb Ring
38:20 Elite Leitis
39:05 Tower Shields
38:28 Elite Skirmisher
40:11 Plate Barding Armor
39:43 Padded Archer Armor
40:25 Town Watch
41:10 Cavalier
42:36 Leather Archer Armor
GaTill3r0
0:27 Loom
12:07 Feudal Age
17:29 Castle Age
21:31 Fletching
23:08 Scale Mail Armor
24:05 Forging
23:59 Squires
23:20 Pikeman
24:59 Chain Mail Armor
28:28 Treadmill Crane
33:10 Wheelbarrow
38:03 Imperial Age
35:32 Town Watch
35:57 Padded Archer Armor
36:54 Bodkin Arrow
37:13 Gold Mining
38:34 Leather Archer Armor
38:43 Ballistics
39:56 Squires
42:17 Hand Cart
42:07 Town Patrol
46:05 Ring Archer Armor
45:36 Bracer
46:11 Iron Casting
46:07 Plate Mail Armor
52:21 Blast Furnace
50:52 Halberdier
Riopal88
3:46 Loom
14:46 Feudal Age
15:44 Double-Bit Axe
20:00 Castle Age
18:54 Forging
18:56 Town Watch
19:56 Scale Mail Armor
19:46 Double-Bit Axe
19:46 Horse Collar
20:39 Scale Mail Armor
21:04 Squires
22:11 Bow Saw
22:08 Arson
22:31 Pikeman
23:33 Fervor
25:28 Heavy Plow
26:17 Sanctity
27:13 Iron Casting
27:16 Chain Mail Armor
29:44 Wheelbarrow
30:14 Ballistics
31:06 Hand Cart
31:44 Fletching
31:55 Eagle Warrior
33:48 Redemption
33:57 Treadmill Crane
34:26 Padded Archer Armor
41:43 Imperial Age
40:02 Bodkin Arrow
42:44 Block Printing
42:58 Illumination
43:10 Theocracy
42:14 Elite Eagle Warrior
45:57 Chemistry
45:04 Siege Engineers
46:08 Capped Ram
48:08 Blast Furnace
47:39 Plate Mail Armor
47:31 Garland Wars
47:33 Conscription
47:11 Siege Ram
49:23 Bracer
51:12 Gold Mining
51:14 Stone Mining
51:29 Town Patrol
XxxNoobKillerxxX
0:26 Loom
13:05 Feudal Age
14:48 Wheelbarrow
13:59 Town Watch
13:59 Horse Collar
14:05 Double-Bit Axe
14:11 Gold Mining
14:14 Stone Mining
15:37 Arson
21:44 Castle Age
22:51 Hand Cart
32:00 Fletching
32:29 Squires
32:27 Elite Skirmisher
35:35 Champi Runner
40:34 Imperial Age
38:49 Champi Warrior
40:28 Thumb Ring
42:56 Elite Champi Warrior
44:38 Forging
44:28 Scale Mail Armor
50:11 Iron Casting
49:51 Chain Mail Armor
49:32 Bodkin Arrow
49:37 Padded Archer Armor
52:27 Blast Furnace
Connection lost

Rejoining the realm…

Still unreachable

The connection could not be restored.

Session expired

The server has moved on; the page needs a fresh start.